 Dungeon Crawl Stone Soup version 0.31-a0-1576-ga3383bade6 (webtiles) character file.

Game seed: 16916779744623723622

5075 Fodor the Cleaver (level 10, -5/88 HPs)
             Began as a Minotaur Fighter on Jan 4, 2024.
             Was an Initiate of Gozag.
             Slain by a troll (9 damage)
             ... on level 7 of the Dungeon.
             The game lasted 00:30:57 (6083 turns).

Fodor the Cleaver (Minotaur Fighter)                Turns: 6083, Time: 00:30:57

Health: -5/88      AC: 27    Str: 24    XL:     10   Next: 31%
Magic:  9/9        EV:  7    Int:  5    God:    Gozag
Gold:   800        SH:  5    Dex: 11    Spells: 9/9 levels left

rFire   . . .        B - +2 morningstar (protect)
rCold   . . .        c - +0 buckler
rNeg    . . .        q - +0 plate armour
rPois   .            (helmet restricted)
rElec   .            (no cloak)
rCorr   .            x - +0 pair of gloves
SInv    .            o - +0 pair of boots
Will    .....        h - amulet of the acrobat Stlth
                     k - +4 ring of protection
HPRegen 0.34/turn    (no ring)
MPRegen 0.11/turn

%: acrobat
@: gold aura, under a protective aura
A: horns 2, retaliatory headbutt, mutation resistance 1, subdued magic 1
a: Renounce Religion, Potion Petition, Call Merchant, Bribe Branch


You were on level 7 of the Dungeon.
You worshipped Gozag.
Gozag was pleased with you.
You visited 2 branches of the dungeon, and saw 8 of its levels.

You collected 1126 gold pieces.
You spent 268 gold pieces at shops.
You paid 58 gold pieces to Gozag.

Inventory:

Hand Weapons
 B - a +2 morningstar of protection (weapon)
Missiles
 a - a throwing net
Armour
 c - a +0 buckler (worn)
 o - a +0 pair of boots (worn)
 q - a +0 plate armour (worn)
 x - a +0 pair of gloves (worn)
Jewellery
 h - an amulet of the acrobat (around neck)
 j - a ring of flight
 k - a +4 ring of protection (left hand)
 t - a +4 ring of protection
 w - a ring of willpower
 z - a ring of willpower
Talismans
 p - a serpent talisman
Scrolls
 e - 4 scrolls of teleportation {unknown}
 f - 5 scrolls of identify {unknown}
 g - a scroll of vulnerability {unknown}
 i - a scroll of enchant armour {unknown}
 l - 2 scrolls of immolation {unknown}
 n - a scroll of enchant weapon {unknown}
 u - a scroll of revelation {unknown}
Potions
 b - 2 potions of heal wounds {unknown}
 m - 5 potions of enlightenment
 r - a potion of brilliance {unknown}
 s - a potion of mutation
 v - 2 potions of attraction {unknown}
 A - a potion of might


   Skills:
 + Level 7.9 Fighting
 + Level 11.3(12.1) Axes
 + Level 6.8(10.0) Maces & Flails
 + Level 8.7 Armour
 + Level 2.4 Dodging
 + Level 2.0 Stealth
 + Level 6.9 Shields


You had 9 spell levels left.
You didn't know any spells.
Your spell library contained the following spells:

 Spells                   Type           Power      Damage    Failure   Level
 Ensorcelled Hibernation  Hex/Ice        0%         N/A       100%        2
 Fugue of the Fallen      Necr           0%         N/A       100%        3
 Passwall                 Erth           0%         N/A       100%        3
 Swiftness                Air            0%         N/A       100%        3
 Anguish                  Hex/Necr       0%         N/A       100%        4


Dungeon Overview and Level Annotations

Branches:
Dungeon (7/15)             Temple (1/1) D:5

Altars:
Ashenzari
Cheibriados
Dithmenos
Elyvilon
Fedhas
Gozag
Kikubaaqudgha
Makhleb
Okawaru
Qazlal
Ru
Sif Muna
Trog
Uskayaw
Vehumet
Wu Jian
Xom
Yredelemnul
Zin
The Shining One

Shops:
D:3 =   D:5 (   D:7 (


Innate Abilities, Weirdness & Mutations

You have a pair of horns on your head.
You reflexively headbutt those who attack you in melee.
You are somewhat resistant to further mutation.
Your spells are a little easier to cast, but a little less powerful.


Message History

* * * LOW HITPOINT WARNING * * *
The troll claws you but does no damage. The troll bites you but does no damage.
You block the troll's attack. The troll claws you but does no damage.
You bludgeon the troll!!
The troll is almost dead.
The troll is no longer distracted by gold.
The cyclops is no longer distracted by gold.
The troll bites you but does no damage.
The troll claws you but does no damage. x2
You thump the troll!
You kill the troll!
You bludgeon the cyclops!! You headbutt the cyclops.
The cyclops is heavily wounded.
You impale the cyclops!!
You kill the cyclops!
You sock the troll!
The troll is moderately wounded.
You block the troll's attack. x2; The troll claws you but does no damage.
You bludgeon the troll!! You headbutt the troll.
The troll is severely wounded.
You block the troll's attack. The troll claws you but does no damage.
The troll claws you!
* * * LOW HITPOINT WARNING * * *
You hit the troll. You headbutt the troll.
The troll is almost dead.
The troll bites you but does no damage. You block the troll's attack.
The troll claws you but does no damage.
You closely miss the troll.
The troll is almost dead.
The troll bites you but does no damage. The troll claws you but does no damage.
The troll claws you.
* * * LOW HITPOINT WARNING * * *
You feel better. The troll bites you!
* * * LOW HITPOINT WARNING * * *
The troll claws you but does no damage. The troll claws you.
* * * LOW HITPOINT WARNING * * *
It was a potion of mutation.
You feel extremely strange.
You feel genetically stable.
Your connection to magic feels subdued.
The troll bites you!
You die...
Your body crumbles into a pile of gold.

#.#.##..###
##...####..##
###.##..###
#.##...######
##...####..###
#.##..##.#### #>...#
###..### #..........##
##...#
###..###....#...####
#...##
###..###....###...
#...##..##
####....###(..## #...#
#:))######..###...#.#
#...#
#HT@$...###....#..##
#...#
#|:|#######...).......
#...##..##
###..............
#.#.##
###...#............
###.#
###.....##.....######
#.#####.......##.....#
#.......########...<.#
######### #######


You could see a manticore and a troll.

Vanquished Creatures
  A manticore (D:7)
  2 cyclopes (D:7)
  Joseph (D:7)
  A troll (D:7)
  Grinder (D:3)
  2 shadows (D:7)
  A steam dragon (D:5)
  A water moccasin (D:6)
  An ice beast (D:7)
  3 black bears
  An orc warrior (D:7)
  2 sky beasts (D:7)
  A centaur (D:7)
  2 ogres (D:7)
  3 phantoms
  3 bullfrogs
  2 kobold brigands
  3 scorpions
  A wight (D:7)
  2 howler monkeys
  A bombardier beetle (D:6)
  2 hounds (D:6)
  3 gnoll boudas
  3 jellies
  6 iguanas
  Jessica (D:3)
  2 sleepcaps
  Natasha (thrice) (D:3)
  4 orc wizards
  5 adders
  12 gnolls
  A shadow imp (D:7)
  3 white imps
  6 ufetubi
  A dart slug (D:1)
  A ribbon worm (D:5)
  20 orcs
  7 ball pythons
  9 endoplasms
  3 giant cockroaches
  14 goblins
  8 hobgoblins
  3 jackals (D:4)
  19 kobolds
  2 quokkas
  6 bats
  2 frilled lizards
  4 rats
185 creatures vanquished.

Notes
Turn   | Place    | Note
-------+----------+-------------------------------------------
     0 | D:1      | Fodor the Minotaur Fighter began the quest for the Orb.
     0 | D:1      | Reached XP level 1. HP: 19/19 MP: 0/0
    96 | D:1      | Reached XP level 2. HP: 24/27 MP: 1/1
   716 | D:2      | Reached XP level 3. HP: 33/33 MP: 2/2
   873 | D:2      | Reached skill level 3 in Axes
   981 | D:2      | Reached skill level 1 in Dodging
  1153 | D:2      | Reached XP level 4. HP: 40/40 MP: 3/3
  1306 | D:3      | Noticed Grinder
  1406 | D:3      | Noticed Natasha
  1420 | D:3      | Killed Natasha
  1421 | D:3      | Reached skill level 4 in Axes
  1433 | D:3      | Found Toitt's Jewellery Shoppe.
  1448 | D:3      | Noticed Natasha
  1452 | D:3      | Killed Natasha
  1453 | D:3      | Reached XP level 5. HP: 45/46 MP: 4/4
  1470 | D:3      | You fall into a shaft and drop 3 floors!
  1494 | D:6      | Reached skill level 5 in Axes
  1585 | D:6      | Reached XP level 6. HP: 52/53 MP: 5/5
  1660 | D:5      | Entered Level 5 of the Dungeon
  1677 | D:5      | Found a staircase to the Ecumenical Temple.
  1695 | D:5      | Reached skill level 5 in Armour
  1706 | Temple   | Entered the Ecumenical Temple
  1719 | Temple   | Became a worshipper of Gozag Ym Sagoz the Greedy
  1767 | D:5      | Reached skill level 6 in Axes
  2099 | D:3      | Found a shimmering altar of Xom.
  2345 | D:3      | Noticed Jessica
  2354 | D:3      | Killed Jessica
  2355 | D:3      | Reached XP level 7. HP: 60/60 MP: 6/6
  2386 | D:3      | Paralysed by Grinder for 2 turns
  2391 | D:3      | Paralysed by Grinder for 2 turns
  2398 | D:3      | Killed Grinder
  2399 | D:3      | Reached skill level 7 in Axes
  2399 | D:3      | Reached skill level 1 in Stealth
  2456 | D:3      | Noticed Natasha
  2465 | D:3      | Killed Natasha
  2466 | D:3      | Reached skill level 5 in Fighting
  3215 | D:4      | Reached skill level 5 in Shields
  3215 | D:4      | Reached XP level 8. HP: 61/68 MP: 7/7
  3560 | D:5      | Reached skill level 8 in Axes
  3758 | D:5      | Found Ikuxamn's Weapon Shop.
  4065 | D:6      | Reached skill level 9 in Axes
  4701 | D:7      | Reached skill level 10 in Axes
  4727 | D:7      | Found a glowing silver altar of Zin.
  4762 | D:7      | Found a glowing golden altar of the Shining One.
  4827 | D:7      | Reached XP level 9. HP: 72/75 MP: 8/8
  5372 | D:7      | Found Rifygej's Weapon Boutique.
  5476 | D:7      | Bought a +2 morningstar of protection for 268 gold pieces
  5702 | D:7      | Noticed Joseph
  5710 | D:7      | Reached skill level 11 in Axes
  5729 | D:7      | Killed Joseph
  5816 | D:7      | Noticed a cyclops
  5831 | D:7      | Killed a cyclops
  6025 | D:7      | Reached skill level 5 in Maces & Flails
  6046 | D:7      | Noticed a manticore
  6047 | D:7      | Noticed a troll
  6047 | D:7      | Noticed a cyclops
  6048 | D:7      | Noticed a troll
  6048 | D:7      | Noticed a manticore
  6052 | D:7      | Reached XP level 10. HP: 86/86 MP: 9/9
  6067 | D:7      | Killed a manticore
  6077 | D:7      | Killed a cyclops
  6082 | D:7      | HP: 4/88 [troll (3)]
  6083 | D:7      | Gained mutation: You are somewhat resistant to further
                  | mutation. [potion of mutation]
  6083 | D:7      | Gained mutation: Your spells are a little easier to cast,
                  | but a little less powerful. [potion of mutation]
  6083 | D:7      | Slain by a troll

Illustrated notes

Levels and vault maps discovered:
D:1:      dpeg_arrival_radiant, layout_rooms, corexii_leaking_fountain,
          minmay_pentomino_t4
D:2:      kb_forest_paths, layout_basic
D:3:      layout_basic, mainiacjoe_overflow_tiny_flanked, serial_shops, shop,
          uniq_natasha, uniq_jessica, uniq_grinder
D:4:      layout_gridville
D:5:      layout_rooms, minmay_temple_entry_grid, kennysheep_small_circle
D:6:      layout_basic
D:7:      minmay_the_grid_triangle_9x9_rhombus_full
          [minmay_the_grid_triangle_9x9_sparse_checkered,
          minmay_the_grid_triangle_9x9_empty,
          minmay_the_grid_triangle_9x9_minimal,
          minmay_the_grid_triangle_9x9_alien,
          minmay_the_grid_triangle_9x9_empty,
          minmay_the_grid_triangle_9x9_swiss_cheese,
          minmay_the_grid_triangle_9x9_thin_v,
          minmay_the_grid_triangle_9x9_prize_center], layout_rooms,
          zin_statuary, nicolae_tso_carved_into_rock, serial_shops,
          nicolae_inconvenience_store, uniq_joseph
Temple:   bh_familiar_temple

Skill      XL: |  1  2  3  4  5  6  7  8  9 10 |
---------------+-------------------------------+-----
Fighting       | 4 5 6 7 |  7.9
Armour         | 4 5 6 7 8 |  8.7
Shields        | 4 5 6 |  6.9
Axes           | 3 4 5 6 7 10 11 | 11.3
Dodging        | 1 2 |  2.4
Stealth        | 1 2 |  2.0
Maces & Flails | 5 6 |  6.8

Action                     |  1- 3 |  4- 6 |  7- 9 | 10-12 || total
---------------------------+-------+-------+-------+-------++-------
  Melee: War axe           |    66 |    88 |   243 |       ||   397
         Headbutt          |    10 |    11 |    56 |     5 ||    82
         Morningstar       |       |       |    79 |    22 ||   101
    Use: Potion            |       |     4 |     3 |     2 ||     9
   Stab: Invisible         |       |     3 |       |       ||     3
         Distracted        |       |       |     1 |       ||     1
 Armour: Scale mail        |    41 |     7 |       |       ||    48
         Plate armour      |       |    80 |   261 |    37 ||   378
  Dodge: Dodged            |    46 |    59 |   133 |     4 ||   242
  Block: Buckler           |    13 |    32 |    78 |    13 ||   136

Table legend: (Time is in decaauts)
 A = Elapsed time spent in this place.
 B = Non-inter-level travel time spent in this place.
 C = Inter-level travel time spent in this place.
 D = Time resting spent in this place.
 E = Time spent auto-exploring this place.
 F = Levels seen in this place.
 G = Mean time per level.
                   A        B        C        D        E       F      G
               +--------+--------+--------+--------+--------+-----+--------+
         Total |   6164 |   5673 |    491 |    743 |      0 |   8 |  770.5 |
       Dungeon |   6138 |   5647 |    491 |    743 |      0 |   7 |  876.9 |
        Temple |     25 |     25 |      0 |      0 |      0 |   1 |   25.0 |
               +--------+--------+--------+--------+--------+-----+--------+

Top non-repeatable levels by time:
     D:7: 1426 daAuts
     D:4: 1343 daAuts
     D:6: 877 daAuts
     D:2: 722 daAuts
     D:1: 607 daAuts
     D:5: 586 daAuts
     D:3: 575 daAuts
  Temple: 25 daAuts
